 Dungeon Crawl Stone Soup version 0.31.0-11-ge490571c62 (webtiles) character file.

Game seed: 10343739488463954344

3625 MollyMolluskus the Grappler (level 10, -2/69 HPs)
             Began as an Octopode Fighter on Jan 31, 2024.
             Was a Follower of Wu Jian.
             Slain by a yak (13 damage)
             ... on level 9 of the Dungeon.
             The game lasted 00:29:40 (7986 turns).

MollyMolluskus the Grappler (Octopode Fighter)      Turns: 7986, Time: 00:29:40

Health: -2/69      AC:  5    Str: 19    XL:     10   Next: 11%
Magic:  10/10      EV: 14    Int: 11    God:    Wu Jian [*.....]
Gold:   431        SH:  9    Dex: 12    Spells: 9/9 levels left

rFire   . .          .
                       - Unarmed
rCold   . . .        d - +0 kite shield
rNeg    . . .        (helmet restricted)
rPois   .            g - amulet of the acrobat
rElec   .            m - +4 ring of protection
rCorr   .            (no ring)
SInv    .            (no ring)
Will    .....        (no ring)
Stlth   +++          (no ring)
HPRegen 0.31/turn    (no ring)
MPRegen 0.12/turn    (no ring)
                     (no ring)

%: acrobat
@: about to teleport
A: almost no armour, amphibious, 8 rings, camouflage 1, gelatinous body 1,
(nimble swimmer 1), tentacles
a: Renounce Religion


You were on level 9 of the Dungeon.
You worshipped Wu Jian.
Wu Jian was aware of your devotion.
You visited 2 branches of the dungeon, and saw 10 of its levels.
You also visited: Sewer.

You collected 431 gold pieces.

Inventory:

Missiles
 k - 12 poisoned darts
 t - 4 boomerangs (quivered)
Armour
 d - a +0 kite shield (worn)
Jewellery
 g - an amulet of the acrobat (around mantle)
 i - a ring of fire
 m - a +4 ring of protection (left tentacle)
Talismans
 c - a blade talisman
 s - a maw talisman
Wands
 a - a wand of quicksilver (9)
 h - a wand of flame (15)
 q - a wand of digging (14)
 v - a wand of polymorph (4)
Scrolls
 e - 7 scrolls of teleportation
 u - 2 scrolls of blinking
Potions
 b - 3 potions of cancellation
 f - a potion of attraction
 j - 3 potions of resistance
 l - a potion of haste
 n - a potion of magic
 o - a potion of brilliance {unknown}
 p - 4 potions of mutation
 r - a potion of curing


   Skills:
 + Level 6.8 Fighting
 + Level 6.9 Dodging
 - Level 4.0 Stealth
 - Level 6.0 Shields
 * Level 9.0 Unarmed Combat
 + Level 2.9 Shapeshifting


You had 9 spell levels left.
You didn't know any spells.
Your spell library contained the following spells:

 Spells                   Type           Power      Damage    Failure   Level
 Apportation              Tloc           0%         N/A       63%         1
 Magic Dart               Conj           0%         1d3       63%         1
 Blink                    Tloc           0%         N/A       77%         2
 Call Imp                 Summ           0%         N/A       77%         2
 Jinxbite                 Hex            0%         N/A       77%         2
 Scorch                   Fire           0%         2d5       77%         2
 Stone Arrow              Conj/Erth      0%         3d7       94%         3
 Brom's Barrelling Bould  Conj/Erth      0%         2d3       100%        4
 Flame Wave               Conj/Fire      0%         2d4       100%        4
 Leda's Liquefaction      Alch/Erth      0%         N/A       100%        4
 Alistair's Intoxication  Alch           0%         N/A       100%        5
 Borgnjor's Vile Clutch   Necr/Erth      0%         N/A       100%        5
 Fireball                 Conj/Fire      0%         3d3       100%        5
 Freezing Cloud           Conj/Ice/Air   0%         6-21      100%        5
 Iskenderun's Battlesphe  Conj           0%         2d6       100%        5
 Conjure Ball Lightning   Conj/Air       0%         3x3d6     100%        6
 Summon Cactus Giant      Summ           0%         N/A       100%        6
 Orb of Destruction       Conj           0%         9d5       100%        7


Dungeon Overview and Level Annotations

Branches:
Dungeon (9/15)             Temple (1/1) D:6            Lair (0/5) D:8
  Sewer (visited)
    Orc: D:9-12

Altars:
Ashenzari
Dithmenos
Elyvilon
Fedhas
Gozag
Hepliaklqana
Makhleb
Nemelex Xobeh
Okawaru
Qazlal
Ru
Sif Muna
Trog
Uskayaw
Vehumet
Wu Jian
Xom
Yredelemnul
The Shining One

Shops:
D:6 =   D:7 [


Innate Abilities, Weirdness & Mutations

You cannot wear most types of armour.
You are amphibious.
You can wear up to eight rings at the same time.
Your skin changes colour to match your surroundings (Stealth+).
Your rubbery body absorbs attacks. (AC +1, EV +1)
((You are camouflaged when in or above water. (Stealth+)))
You have tentacles for arms and can constrict up to eight enemies at once.


Message History

The killer bee is heavily wounded.
The killer bee completely misses you.
Unknown command.
You closely miss the killer bee.
The killer bee is heavily wounded.
The yak seems less confused.
The yak completely misses you. The killer bee barely misses you.
The killer bee completely misses you.
Unknown command.
You closely miss the killer bee.
The killer bee is heavily wounded.
The killer bee completely misses you. x2; The yak gores you.
The killer bee misses you. The killer bee completely misses you.
Unknown command.
You miss the killer bee.
The killer bee is heavily wounded.
The killer bee stings you. The killer bee misses you.
The yak closely misses you.
The yak gores the killer bee.
The yak gores you!
* * * LOW HITPOINT WARNING * * *
Unknown command.
As you read the scroll of teleportation, it crumbles to dust.
You feel strangely unstable.
You stop sporulating.
Your +0 kite shield unmelds from your body.
The yak seems less confused.
You block the killer bee's attack. x3
The killer bee misses you. The yak barely misses you. x2
The yak barely misses the killer bee.
Okay, then.
You tentacle-slap the yak. Your squeeze misses the yak.
The yak is almost dead.
The killer bee barely misses you. x3; You block the killer bee's attack.
The yak gores you!
* * * LOW HITPOINT WARNING * * *
The yak gores the killer bee but does no damage.
You block the yak's attack.
You barely miss the yak.
The yak is almost dead.
The yak seems less confused.
The killer bee barely misses you.
You block the killer bee's attack. x2; The killer bee closely misses you.
You block the yak's attack. The yak gores you!
You die...

#########
.......# .
......# .. .....#
... .Y..#....
##Y.......
.#######@yY......
...)...YyY######.
.........###
.........##yy
.........#


ywwy ##..##..# ywy# ##..##..# yyy# .........## #### . ..........######... You
could see 5 yaks, a queen bee, 3 ribbon worms and 8 killer bees.

Vanquished Creatures
  A rime drake (D:8)
  Sigmund (D:5)
  A steam dragon (D:8)
  Menkaure (D:4)
  A water moccasin (D:8)
  Pargi (Sewer)
  6 ice beasts
  A sky beast (D:7)
  A black bear (D:6)
  A centaur (D:7)
  A wolf (D:8)
  2 phantoms
  A kobold brigand (Sewer)
  A brain worm (Sewer)
  2 bullfrogs (D:7)
  A gnoll sergeant (D:6)
  2 scorpions
  5 wights (D:7)
  A killer bee (D:9)
  A howler monkey (D:8)
  3 hounds
  4 bombardier beetles
  2 orc priests (D:8)
  5 sleepcaps
  5 iguanas
  5 orc wizards
  12 adders
  4 gnolls (D:6)
  A shadow imp (D:8)
  A white imp (D:8)
  A ribbon worm (D:3)
  24 orcs
  9 ball pythons
  8 endoplasms
  8 giant cockroaches
  8 goblins
  8 hobgoblins
  4 jackals
  12 kobolds
  6 quokkas
  2 bats
  7 frilled lizards
  6 rats
177 creatures vanquished.

Notes
Turn   | Place    | Note
-------+----------+-------------------------------------------
     0 | D:1      | MollyMolluskus the Octopode Fighter began the quest for the
                  | Orb.
     0 | D:1      | Reached XP level 1. HP: 16/16 MP: 1/1
   131 | D:1      | Reached XP level 2. HP: 21/21 MP: 2/2
   333 | D:1      | Reached skill level 1 in Stealth
   419 | D:1      | Reached XP level 3. HP: 26/26 MP: 3/3
  1241 | D:2      | Reached XP level 4. HP: 31/31 MP: 4/4
  1482 | D:2      | Identified the +0 leather armour "Jafum" {-Tele rN+++
                  | Regen+ rCorr}
  1785 | D:3      | Reached skill level 3 in Unarmed Combat
  2232 | D:3      | Reached XP level 5. HP: 32/36 MP: 5/5
  2898 | D:4      | Reached XP level 6. HP: 12/43 MP: 6/6
  3047 | D:4      | Found a glowing drain.
  3057 | Sewer    | Entered a sewer
  3075 | Sewer    | Reached skill level 4 in Unarmed Combat
  3241 | Sewer    | Noticed Pargi
  3251 | Sewer    | Killed Pargi
  3252 | Sewer    | Reached XP level 7. HP: 44/48 MP: 7/7
  3718 | D:4      | Noticed Menkaure
  3729 | D:4      | Killed Menkaure
  3730 | D:4      | Reached skill level 5 in Unarmed Combat
  4053 | D:5      | Entered Level 5 of the Dungeon
  4270 | D:5      | Reached XP level 8. HP: 54/54 MP: 8/8
  4299 | D:5      | Noticed Sigmund
  4313 | D:5      | Killed Sigmund
  4324 | D:5      | Reached skill level 5 in Dodging
  4473 | D:5      | Reached skill level 5 in Fighting
  4473 | D:5      | Reached skill level 5 in Shields
  4473 | D:5      | Reached skill level 6 in Unarmed Combat
  5162 | D:6      | Found Xygemem's Jewellery Boutique.
  5569 | D:6      | Found a hide-covered altar of Uskayaw.
  5883 | D:6      | Found a staircase to the Ecumenical Temple.
  5890 | Temple   | Entered the Ecumenical Temple
  5942 | Temple   | Became a worshipper of the Wu Jian Council
  6077 | D:7      | Reached skill level 7 in Unarmed Combat
  6077 | D:7      | Reached XP level 9. HP: 61/61 MP: 9/9
  6423 | D:7      | Found a faded altar of an unknown god.
  6555 | D:7      | Found Beptujup's Antique Armour Boutique.
  6571 | D:7      | Reached skill level 1 in Shapeshifting
  6922 | D:8      | Reached skill level 8 in Unarmed Combat
  6992 | D:8      | Noticed a rime drake
  7003 | D:8      | Killed a rime drake
  7008 | D:8      | Reached * piety under Wu Jian
  7141 | D:8      | Found a staircase to the Lair.
  7147 | D:8      | Got the Spellbook of the Anticline and Wounds
  7373 | D:8      | Reached XP level 10. HP: 69/69 MP: 10/10
  7457 | D:8      | Reached skill level 9 in Unarmed Combat
  7986 | D:9      | Slain by a yak

Illustrated notes

Levels and vault maps discovered:
D:1:      dpeg_arrival_oval, layout_loops_ring, st_stairs_13
D:2:      layout_loops_ring
D:3:      layout_basic, minmay_statues_item
D:4:      layout_loops_corners, gup_sewer_entry_pipe, uniq_menkaure
D:5:      layout_loops_ring, kennysheep_donut, uniq_sigmund
D:6:      minmay_recursive_quarters, layout_loops_ring,
          nicolae_overflow_crystal_walls, minmay_temple_entry_nine_rooms,
          serial_shops, nicolae_diamond_shop
D:7:      layout_cave_pools, serial_column_ruins, column_ruins_temple_hall,
          column_ruins_courtyard_long, column_ruins_open_small,
          column_ruins_columns_corner, column_ruins_open_small,
          column_ruins_corridor_corner, serial_shops, shop, bh_walls_and_bars
D:8:      layout_basic, hellmonk_lair_entry_icy
D:9:      layout_gridville, chequers_temple_overflow_minitemple, hive_lemuel
Temple:   dpeg_five_rooms_temple

Skill      XL: |  1  2  3  4  5  6  7  8  9 10 |
---------------+-------------------------------+-----
Stealth        | 1 2 3 4 |  4.0
Unarmed Combat | 3 4 5 7 8 9 |  9.0
Fighting       | 4 5 6 |  6.8
Dodging        | 4 5 6 |  6.9
Shields        | 4 5 6 |  6.0
Shapeshifting  | 2 |  2.9

Action                     |  1- 3 |  4- 6 |  7- 9 | 10-12 || total
---------------------------+-------+-------+-------+-------++-------
  Melee: Unarmed           |    85 |   131 |   259 |    39 ||   514
         Constrict         |    16 |    29 |    57 |     2 ||   104
         Tentacles         |    12 |    28 |    60 |     3 ||   103
         Punch             |       |     3 |    16 |     2 ||    21
  Throw: Stone             |       |     6 |     3 |       ||     9
         Boomerang         |       |       |     3 |     1 ||     4
Ability: Lunge             |       |       |    16 |     2 ||    18
         Whirlwind         |       |       |       |     3 ||     3
  Evoke: Wand              |       |     1 |    11 |     2 ||    14
    Use: Scroll            |     4 |     6 |     7 |     3 ||    20
         Potion            |       |     2 |       |     1 ||     3
   Stab: Sleeping          |     7 |    10 |    16 |       ||    33
         Distracted        |       |       |     1 |     3 ||     4
 Armour: Skin              |    22 |    56 |    89 |    27 ||   194
  Dodge: Dodged            |    36 |    67 |    80 |    66 ||   249
  Block: Buckler           |     9 |    17 |       |       ||    26
         Kite shield       |       |     8 |    84 |    16 ||   108
